 Dungeon Crawl Stone Soup version 0.29-a0-231-g945431f764 (webtiles) character file.

Game seed: 7864288667914124644

231778 dolemite99 the Warrior (level 19, 0/164 HPs)
             Began as a Hill Orc Gladiator on Mar 1, 2022.
             Was an Elder of Nemelex Xobeh.
             Killed from afar by an ironbound frostheart (34 damage)
             ... by creeping frost
             ... on level 2 of the Vaults.
             The game lasted 01:27:06 (79825 turns).

dolemite99 the Warrior (Hill Orc Gladiator)        Turns: 79825, Time: 01:27:06

Health: 0/164      AC: 35    Str: 27    XL:     19   Next: 52%
Magic:  31/31      EV:  8    Int: 14    God:    Nemelex Xobeh [****..]
Gold:   67         SH: 13    Dex: 12    Spells: 10/18 levels left

rFire   + . .      SeeInvis +   a - +7 broad axe (venom)
rCold   + . .      Faith    +   C - +0 kite shield
rNeg    + . .      Spirit   .   r - +2 plate armour {rF+}
rPois   .          Reflect  .   O - +2 helmet {Int+3}
rElec   +          Harm     .   L - +2 cloak {rCorr}
rCorr   +          Rampage  .   m - +0 pair of gloves {hurl}
Will    +....                   f - +1 pair of boots of Unreason {rElec Str+2 SInv}
Stlth   ..........              n - amulet of faith
HPRegen 0.37/turn               d - ring of Ephemeral Luck {rC+ rN+ Int+3}
MPRegen 0.22/turn               z - +4 ring of protection {=R}

@: marked, frozen, very slow
A: frail 1, shaggy fur 1, wild magic 1
}: 1/15 runes: gossamer
a: Renounce Religion, Draw Escape, Draw Destruction, Draw Summoning, Triple
Draw, Deal Four


You were on level 2 of the Vaults.
You worshipped Nemelex Xobeh.
Nemelex Xobeh was greatly pleased with you.
You visited 7 branches of the dungeon, and saw 33 of its levels.
You visited the Abyss 1 time.
You visited 1 bazaar.
You also visited: Trove.

You collected 3384 gold pieces.
You spent 3317 gold pieces at shops.

Inventory:

Hand Weapons
 a - a +7 broad axe of venom (weapon)
Missiles
 h - 3 boomerangs of dispersal
 p - 4 boomerangs
 A - 3 throwing nets
 K - 12 silver boomerangs (quivered)
 R - 2 javelins
Armour
 f - the +1 pair of boots of Unreason (worn) {rElec Str+2 SInv}
   (You found it in a treasure trove)

   Str:       It affects your strength (+2).
   rElec:     It insulates you from electricity.
   SInv:      It lets you see invisible.
 m - a +0 pair of gloves of hurling (worn)
 r - a +2 plate armour of fire resistance (worn)
 C - a +0 kite shield (worn)
 L - a +2 cloak of preservation (worn)
 O - a +2 helmet of intelligence (worn)
 P - a +1 plate armour of poison resistance
Magical Staves
 W - a staff of air
Jewellery
 d - the ring of Ephemeral Luck (left hand) {rC+ rN+ Int+3}
   (You found it on level 1 of the Shoals)

   [ring of protection from cold]

   Int:       It affects your intelligence (+3).
   rC:        It protects you from cold.
   rN:        It protects you from negative energy.
 l - a ring of fire
 n - an amulet of faith (around neck)
 x - the ring of Suofeis {Wiz Dex+8}
   (You found it on level 6 of the Lair of Beasts)

   [ring of wizardry]

   It improves your spell success rate.
   Dex:       It affects your dexterity (+8).
 z - a +4 ring of protection (right hand) {=R}
 F - the ring "Ofowiope" {rN+ Dex+3 SInv}
   (You bought it in a shop on level 2 of the Orcish Mines)

   [ring of positive energy]

   Dex:       It affects your dexterity (+3).
   rN:        It protects you from negative energy.
   SInv:      It lets you see invisible.
 N - a ring of protection from cold
 Q - a +6 ring of intelligence
Wands
 k - a wand of paralysis (5)
 w - a wand of digging (4)
 G - a wand of polymorph (2)
 S - a wand of flame (2)
Scrolls
 e - 9 scrolls of blinking
 u - 2 scrolls of silence
 y - 13 scrolls of identify {@r1}
 I - 3 scrolls of fear
 U - 8 scrolls of teleportation
 V - a scroll of vulnerability
Potions
 b - 3 potions of resistance
 c - a potion of cancellation
 g - 5 potions of lignification
 i - 6 potions of attraction
 o - 6 potions of brilliance
 q - 7 potions of ambrosia
 t - a potion of flight
 v - 2 potions of heal wounds
 D - 2 potions of might
 E - 12 potions of curing
 J - a potion of berserk rage
 T - a potion of magic
Miscellaneous
 s - a phial of floods (inert)
 H - a condenser vane (inert)


   Skills:
 - Level 19.4 Fighting
 - Level 18.5 Axes
 - Level 11.3 Throwing
 - Level 15.7 Armour
 - Level 2.4 Dodging
 - Level 14.6 Shields
 - Level 17.4 Invocations
 + Level 9.3 Evocations


You had 10 spell levels left.
You knew the following spells:

 Your Spells              Type           Power      Damage    Failure   Level
a - Animate Skeleton      Necr           0%         N/A       98%         1
b - Blink                 Tloc           0%         N/A       99%         2
c - Passwall              Tmut/Erth      0%         N/A       99%         2
d - Swiftness             Air            0%         N/A       100%        3

Your spell library contained the following spells:

 Spells                   Type           Power      Damage    Failure   Level
 Beastly Appendage        Tmut           0%         N/A       98%         1
 Magic Dart               Conj           0%         1d3       98%         1
 Pain                     Necr           0%         1d4       98%         1
 Sting                    Tmut/Pois      0%         1d3       98%         1
 Ensorcelled Hibernation  Hex/Ice        0%         N/A       99%         2
 Poisonous Vapours        Pois/Air       0%         N/A       99%         2
 Scorch                   Fire           0%         2d5       99%         2
 Searing Ray              Conj           0%         2d4       99%         2
 Sublimation of Blood     Necr           0%         N/A       99%         2
 Wereblood                Tmut           0%         N/A       99%         2
 Dazzling Flash           Conj/Hex       0%         N/A       100%        3
 Frozen Ramparts          Ice            0%         1d2       100%        3
 Gell's Gravitas          Tloc           0%         N/A       100%        3
 Lesser Beckoning         Tloc           0%         N/A       100%        3
 Ozocubu's Armour         Ice            0%         N/A       100%        3
 Portal Projectile        Hex/Tloc       0%         N/A       100%        3
 Spider Form              Tmut/Pois      0%         N/A       100%        3
 Teleport Other           Tloc           0%         N/A       100%        3
 Tukima's Dance           Hex            0%         N/A       100%        3
 Vampiric Draining        Necr           0%         2d6       100%        3
 Anguish                  Hex/Necr       0%         N/A       100%        4
 Flame Wave               Conj/Fire      0%         2d4       100%        4
 Fulminant Prism          Conj/Hex       0%         3d6       100%        4
 Ice Form                 Ice/Tmut       0%         N/A       100%        4
 Leda's Liquefaction      Hex/Erth       0%         N/A       100%        4
 Olgreb's Toxic Radiance  Pois           0%         N/A       100%        4
 Petrify                  Tmut/Erth      0%         N/A       100%        4
 Summon Ice Beast         Ice/Summ       0%         N/A       100%        4
 Agony                    Necr           0%         N/A       100%        5
 Blade Hands              Tmut           0%         N/A       100%        5
 Excruciating Wounds      Necr           0%         N/A       100%        5
 Fireball                 Conj/Fire      0%         3d3       100%        5
 Irradiate                Conj/Tmut      0%         3d14      100%        5
 Iskenderun's Battlesphe  Conj           0%         2d6       100%        5
 Lee's Rapid Deconstruct  Erth           0%         3d5*      100%        5
 Manifold Assault         Tloc           0%         N/A       100%        5
 Silence                  Hex/Air        0%         N/A       100%        5
 Summon Forest            Summ/Tloc      0%         N/A       100%        5
 Summon Mana Viper        Hex/Summ       0%         N/A       100%        5
 Iron Shot                Conj/Erth      0%         9d1       100%        6
 Starburst                Conj/Fire      0%         6d3       100%        6
 Statue Form              Tmut/Erth      0%         N/A       100%        6
 Summon Cactus Giant      Summ           0%         N/A       100%        6
 Enfeeble                 Hex            0%         N/A       100%        7
 Monstrous Menagerie      Summ           0%         N/A       100%        7
 Ozocubu's Refrigeration  Ice            0%         4d5       100%        7
 Spellforged Servitor     Conj/Summ      0%         N/A       100%        7
 Ignition                 Fire           0%         3d3       100%        8
 Chain Lightning          Conj/Air       0%         N/A       100%        9
 Fire Storm               Conj/Fire      0%         5d1       100%        9
 Shatter                  Erth           0%         3d5*      100%        9


Dungeon Overview and Level Annotations

Branches:
Dungeon (15/15)            Temple (1/1) D:4            Lair (6/6) D:10
 Shoals (3/4) Lair:4       Spider (4/4) Lair:2        Slime (0/5) Lair:5
    Orc (2/2) D:9             Elf (0/3) Orc:2        Vaults (2/5) D:13
 Depths (0/4) D:15
  Crypt: Vaults:2-3

Altars:
Ashenzari
Cheibriados
Dithmenos
Elyvilon
Fedhas
Gozag
Hepliaklqana
Kikubaaqudgha
Makhleb
Nemelex Xobeh
Okawaru
Qazlal
Ru
Sif Muna
Trog
Uskayaw
Vehumet
Wu Jian
Xom
Yredelemnul
Zin
The Shining One
Beogh
Jiyva
Lugonu

Shops:
D:14 *   Orc:2 ?*[*

Portals:
Abyss: Lair:6

Annotations:
D:2 exclusion: 2 downstairs
Lair:2 exclusion: oklob plant
Shoals:2 Ilsuiw, Roxanne


Innate Abilities, Weirdness & Mutations

You are frail. (-10% HP)
You are covered in fur. (AC +1)
Your spells are a little harder to cast, but a little more powerful.


Message History

You slice the deep troll!!
You kill the deep troll!
Aiming: Corrosive Bolt
Press: ? - help, Shift-Dir - straight line, f - deep troll
Aim: a deep troll (74% to hit)
The bolt of acid hits the ironbound frostheart!!
The ironbound frostheart is moderately wounded.
The bolt of acid hits the deep troll!!
The deep troll is heavily wounded.
The now-empty wand crumbles to dust.
The ice encasing you melts away.
The ironbound frostheart calls freezing cold from the walls.
The frost grips you! You partially resist.
* * * LOW HITPOINT WARNING * * *
You are encased in ice.
You draw a card...
You have drawn the Tomb.
Walls emerge from the floor!
The ironbound frostheart calls freezing cold from the walls.
The frost grips you! You partially resist.
* * * LOW HITPOINT WARNING * * *
You draw a card...
You have drawn the Tomb.
Nothing appears to happen.
The deck of cards glows with a rainbow of weird colours and disappears.
The ironbound frostheart touches you but does no damage.
You draw a card...
You have drawn Pain.
Press: ? - help, Shift-Dir - straight line, f/p - deep troll
Aim: a deep troll (heavily wounded)
The bolt of negative energy misses the ironbound frostheart.
The bolt of negative energy hits the deep troll!!!
The deep troll is drained!
You kill the deep troll!
The ice encasing you melts away.
The ironbound frostheart calls freezing cold from the walls.
The frost grips you!! You partially resist.
* * * LOW HITPOINT WARNING * * *
You are encased in ice.
You feel much better.
The ironbound frostheart calls freezing cold from the walls.
The frost grips you!! You partially resist.
You die...
Your body disappears without a glow.

#.....# # #.....#
+)####+#.....#
..J..#...).#
########.....#####
#......'..........
#)####'#+#######..
#p# ...# #..
#@#.#### #.. ###
#.. +.# #.. ###
#.. #.. ######..
.........
..........
..........


You could see an ironbound frostheart.

Vanquished Creatures
  An ancient lich (Abyss:2)
  Nikola (Spider:2)
  Jorgrun (D:15)
  Mlioglotl (Shoals:1)
  2 Executioners (Abyss:2)
  Frances (Spider:2)
  A sphinx (D:12)
  A storm dragon (Lair:2)
  A frost giant (Vaults:1)
  5 ghost moths
  A vault warden (Vaults:1)
  7 emperor scorpions
  An orc warlord (Vaults:2)
  A war gargoyle (Vaults:2)
  4 ironbound thunderhulks (Vaults:1)
  4 ironbound preservers
  A stone giant (Vaults:1)
  An eleionoma (Orc:2)
  5 dire elephants (Vaults:1)
  3 entropy weavers
  Azrael (D:12)
  A spark wasp (Spider:4)
  An ettin (D:12)
  2 merfolk impalers (Shoals:1)
  3 merfolk javelineers
  2 yaktaur captains
  2 rakshasas (D:15)
  2 great orbs of eyes
  3 vault guards
  11 boulder beetles
  11 hydras
  2 ogre magi
  An ice dragon (D:13)
  2 merfolk aquamancers (Shoals:1)
  9 centaur warriors
  A catoblepas (D:13)
  5 ironbound frosthearts
  A satyr (Shoals:3)
  Erica (D:11)
  A jorogumo (Spider:1)
  An alligator snapping turtle (Shoals:3)
  7 two-headed ogres
  3 radroaches
  2 merfolk avatars
  2 death yaks (Lair:2)
  An alligator (Lair:2)
  7 thrashing horrors
  A deep troll earth mage (D:12)
  Sonja (Orc:1)
  A sixfirhy (Abyss:2)
  3 pharaoh ants
  A sun moth (Spider:2)
  10 orb spiders
  A goliath frog (Shoals:3)
  7 steelbarb worms
  A glowing orange brain (Orc:2)
  2 large abominations (Abyss:2)
  7 sea snakes
  7 deep trolls
  6 wizards
  Pikel (D:9)
  7 lindwurms (Vaults:1)
  A phantasmal warrior (Vaults:1)
  7 harpies
  5 ironbound convokers
  3 orc sorcerers (Orc:2)
  14 wolf spiders
  4 deep elf pyromancers
  5 orc knights
  A mana viper (Lair:5)
  19 ugly things
  2 fauns (Shoals:1)
  4 moths of wrath
  2 cyclopes (D:13)
  7 manticores
  20 elephants
  A guardian serpent (shapeshifter) (Lair:2)
  4 merfolk sirens
  6 black mambas
  An apocalypse crab (D:15)
  7 torpor snails
  11 vault sentinels
  Maurice (D:9)
  A water nymph (Shoals:3)
  A gargoyle (D:13)
  A smoke demon (Lair:6)
  5 yaktaurs
  An orange demon (Abyss:2)
  An unseen horror (D:10)
  5 rime drakes
  12 cane toads
  6 demonic crawlers
  2 ancient zymes (Lair:6)
  A tengu conjurer (D:13)
  17 komodo dragons
  A queen bee (shapeshifter) (D:13)
  15 meliai
  7 trolls
  9 merfolk
  3 wind drakes
  A polar bear (Lair:4)
  10 raiju
  16 slime creatures
  23 tarantellas
  33 blink frogs
  12 dream sheep
  Sigmund (D:3)
  5 snapping turtles
  A spriggan (Lair:6)
  2 water elementals
  3 wraiths
  28 jumping spiders
  7 shadows
  24 culicivoras
  8 wyverns
  2 ynoxinuls
  11 basilisks
  56 yaks
  3 fire bats
  2 fire elementals (D:12)
  4 chaos spawn (Lair:6)
  13 small abominations
  16 vampire mosquitoes
  A steam dragon (D:8)
  A neqoxec (Abyss:2)
  Menkaure (D:5)
  48 redbacks
  5 wargs
  A swamp worm (Orc:2)
  3 acid dragons
  17 water moccasins
  2 hell hounds (D:12)
  18 orc warriors
  A sky beast (D:5)
  An ice beast (D:7)
  4 black bears
  5 ogres
  7 wolves
  A boggart (Vaults:1)
  6 centaurs
  2 phantoms
  3 kobold brigands
  4 lemures (D:9)
  13 bullfrogs
  8 scorpions
  A gnoll sergeant (D:7)
  A necrophage (D:7)
  10 wights
  8 killer bees
  3 howler monkeys
  3 electric eels (Lair:4)
  2 jellies (D:4)
  A hound (D:5)
  11 orc priests
  A gnoll shaman (D:2)
  Crazy Yiuf (D:4)
  Terence (D:2)
  3 iguanas
  21 orc wizards
  18 gnolls
  11 adders
  2 river rats (Orc:2)
  A shadow imp (D:6)
  3 worms
  2 dart slugs
  64 orcs
  6 endoplasms
  4 giant cockroaches
  10 goblins
  3 hobgoblins
  3 jackals (D:4)
  3 quokkas
  7 ball pythons
  9 bats
  6 frilled lizards
  22 kobolds
  5 rats
  A spectral orc (D:10)
1077 creatures vanquished.

Vanquished Creatures (collateral kills)
  Rupert (D:12)
  An emperor scorpion (Spider:4)
  An orc warlord (Orc:1)
  A vault guard (Vaults:1)
  2 hydras (Lair:6)
  A catoblepas (Lair:4)
  An ironbound frostheart (Vaults:1)
  A death yak (Lair:4)
  2 orb spiders (Spider:3)
  4 ugly things (D:14)
  An orc knight (Orc:2)
  A manticore (D:12)
  A black mamba (Lair:6)
  A large abomination (Lair:6)
  A rime drake (Lair:6)
  An ancient zyme (Lair:6)
  3 meliai (Spider:3)
  A blink frog (Lair:6)
  A dream sheep (Lair:1)
  2 jumping spiders (Spider:3)
  A spriggan (Lair:6)
  22 yaks
  2 fire elementals (D:12)
  A warg (Orc:1)
  A water moccasin (Lair:6)
  2 hell hounds (D:12)
  5 orc warriors
  3 ogres
  3 boggarts (D:14)
  2 wights (D:6)
  A gnoll shaman (D:9)
  3 orc priests
  An orc wizard (Orc:1)
  4 gnolls (D:9)
  9 orcs
88 creatures vanquished.

Vanquished Creatures (others)
  A hydra (D:12)
  A merfolk siren (Shoals:1)
  A tarantella (Spider:2)
  2 bushes (D:8)
  A butterfly (D:5)
  50 fungi
  126 plants
182 creatures vanquished.

Grand Total: 1347 creatures vanquished

Notes
Turn   | Place    | Note
-------+----------+-------------------------------------------
     0 | D:1      | dolemite99 the Hill Orc Gladiator began the quest for the
                  | Orb.
     0 | D:1      | Reached XP level 1. HP: 18/18 MP: 1/1
   583 | D:1      | Reached XP level 2. HP: 18/25 MP: 2/2
   813 | D:1      | Reached skill level 5 in Axes
  1461 | D:2      | Reached XP level 3. HP: 19/30 MP: 3/3
  2002 | D:2      | Found a shimmering blue altar of Sif Muna.
  2022 | D:2      | Noticed Terence
  2033 | D:2      | Killed Terence
  2034 | D:2      | Reached XP level 4. HP: 30/37 MP: 4/4
  2689 | D:3      | Noticed Sigmund
  3459 | D:2      | Reached XP level 5. HP: 41/42 MP: 5/5
  4476 | D:3      | Found a sparkling altar of Nemelex Xobeh.
  4583 | D:3      | Became a worshipper of Nemelex Xobeh the Trickster
  4677 | D:3      | Found an ornate altar of the Wu Jian Council.
  4703 | D:3      | Found a snail-covered altar of Cheibriados.
  4772 | D:4      | Noticed a phantom
  4793 | D:5      | Entered Level 5 of the Dungeon
  4798 | D:5      | Killed a phantom
  4799 | D:5      | Reached XP level 6. HP: 31/50 MP: 6/6
  5126 | D:5      | Gained mutation: You are covered in fur. (AC +1) [potion of
                  | mutation]
  5126 | D:5      | Gained mutation: You are frail. (-10% HP) [potion of
                  | mutation]
  5126 | D:5      | Gained mutation: Your spells are a little harder to cast,
                  | but a little more powerful. [potion of mutation]
  5129 | D:5      | HP: 3/67 [scorpion (4)]
  6662 | D:4      | Found a broken altar of Ashenzari.
  6838 | D:4      | Found a staircase to the Ecumenical Temple.
  6840 | D:4      | Noticed a black bear
  6846 | Temple   | Entered the Ecumenical Temple
  7370 | Temple   | Killed a black bear
  7371 | Temple   | Reached skill level 10 in Axes
  7371 | Temple   | Reached XP level 7. HP: 48/50 MP: 7/7
  8123 | D:4      | Found a burning altar of Makhleb.
  8282 | D:4      | Found a hazy altar of Hepliaklqana.
  8419 | D:4      | Found a runed translucent door.
  8420 | D:4      | Noticed Crazy Yiuf
  8426 | D:4      | Killed Crazy Yiuf
  9734 | D:5      | Found a white marble altar of Elyvilon.
  9772 | D:5      | Reached XP level 8. HP: 55/55 MP: 8/8
  9789 | D:5      | Noticed Menkaure
  9799 | D:5      | HP: 2/55 [Menkaure (3)]
  9800 | D:5      | Killed Menkaure
 10315 | D:5      | Reached * piety under Nemelex Xobeh
 11304 | D:6      | Received a gift from Nemelex Xobeh
 11859 | D:6      | Reached ** piety under Nemelex Xobeh
 11881 | D:6      | Identified the +1 long sword of the Big Fish {flame, rPois
                  | Int+5}
 11882 | D:6      | Identified the -1 hand axe of Perfectionism {venom, *Noise
                  | Fly rPois rCorr}
 11890 | D:6      | Reached skill level 5 in Invocations
 11890 | D:6      | Reached XP level 9. HP: 60/61 MP: 10/13
 13909 | D:7      | Reached skill level 1 in Armour
 14631 | D:7      | Received a gift from Nemelex Xobeh
 14950 | D:7      | Reached *** piety under Nemelex Xobeh
 15133 | D:7      | Found a glowing golden altar of the Shining One.
 15231 | D:7      | Reached skill level 5 in Armour
 15540 | D:8      | Received a gift from Nemelex Xobeh
 16050 | D:8      | Reached XP level 10. HP: 29/66 MP: 16/16
 16567 | D:8      | Reached skill level 3 in Fighting
 16938 | D:8      | Reached skill level 4 in Fighting
 17381 | D:8      | Received a gift from Nemelex Xobeh
 17452 | D:8      | Found a shimmering blue altar of Sif Muna.
 17620 | D:8      | Reached skill level 5 in Fighting
 17767 | D:8      | Reached skill level 6 in Fighting
 18281 | D:9      | Reached skill level 7 in Fighting
 18304 | D:9      | Reached skill level 8 in Fighting
 18476 | D:9      | Found a hide-covered altar of Uskayaw.
 18786 | D:9      | Found a staircase to the Orcish Mines.
 18790 | D:9      | Noticed Maurice
 18795 | D:9      | Paralysed by Maurice for 4 turns
 18803 | D:9      | Killed Maurice
 18804 | D:9      | Reached skill level 9 in Fighting
 18953 | D:9      | Noticed Pikel
 19111 | D:9      | Killed Pikel
 19112 | D:9      | Reached skill level 10 in Fighting
 19318 | Orc:1    | Entered Level 1 of the Orcish Mines
 19318 | Orc:1    | Noticed Sonja
 19318 | Orc:1    | Noticed an orc warlord
 19422 | D:10     | Entered Level 10 of the Dungeon
 19428 | D:10     | Reached XP level 11. HP: 90/90 MP: 17/17
 19436 | D:10     | Reached **** piety under Nemelex Xobeh
 20093 | D:10     | Found a staircase to the Lair.
 20132 | D:10     | Reached skill level 10 in Invocations
 20226 | D:10     | Noticed a two-headed ogre
 20238 | D:10     | Killed a two-headed ogre
 20482 | D:10     | Received a gift from Nemelex Xobeh
 20650 | D:10     | Noticed an angel
 20652 | D:10     | Found Cism's Hallowed Reliquary.
 20693 | D:10     | Bought a potion of heal wounds for 70 gold pieces
 20693 | D:10     | Bought a potion of heal wounds for 70 gold pieces
 20693 | D:10     | Bought a potion of curing for 42 gold pieces
 20693 | D:10     | Bought a potion of curing for 42 gold pieces
 20693 | D:10     | Bought a scroll of holy word for 105 gold pieces
 20693 | D:10     | Bought a scroll of holy word for 105 gold pieces
 21038 | D:10     | Found a basalt altar of Yredelemnul.
 21533 | D:10     | Found an iron altar of Okawaru.
 21781 | Lair:1   | Entered Level 1 of the Lair of Beasts
 22344 | Lair:1   | Received a gift from Nemelex Xobeh
 22350 | Lair:1   | Noticed a seven-headed hydra
 22352 | Lair:1   | Killed a seven-headed hydra
 22496 | Lair:1   | Reached ***** piety under Nemelex Xobeh
 22618 | Lair:1   | Reached skill level 10 in Armour
 22970 | Lair:1   | Reached XP level 12. HP: 97/97 MP: 20/20
 22983 | Lair:1   | Received a gift from Nemelex Xobeh
 23037 | Lair:1   | Reached skill level 11 in Fighting
 23074 | Lair:1   | Reached skill level 1 in Evocations
 23226 | Lair:1   | Reached skill level 5 in Evocations
 23563 | Lair:2   | Noticed a five-headed hydra
 23574 | Lair:2   | Received a gift from Nemelex Xobeh
 24730 | Lair:2   | Killed a five-headed hydra
 24731 | Lair:2   | Reached skill level 5 in Throwing
 25600 | Lair:2   | Noticed a five-headed hydra
 25603 | Lair:2   | Killed a five-headed hydra
 25604 | Lair:2   | Reached XP level 13. HP: 92/104 MP: 21/21
 27143 | Lair:2   | Noticed a storm dragon
 27143 | Lair:2   | a catoblepas changed into a storm dragon
 27615 | Lair:2   | Received a gift from Nemelex Xobeh
 27629 | Lair:2   | Found a hole to the Spider Nest.
 28573 | Lair:2   | Killed a storm dragon
 29248 | Lair:2   | Reached skill level 10 in Throwing
 30446 | Lair:3   | Received a gift from Nemelex Xobeh
 30487 | Lair:3   | Reached skill level 15 in Axes
 31358 | Lair:3   | Identified the +11 falchion of Bile {freeze, Int+4 Dex+3}
 31697 | Lair:4   | Received a gift from Nemelex Xobeh
 32190 | Lair:4   | Identified the -1 hand axe of Painful Death {vamp, Str+2}
 32200 | Lair:4   | Reached XP level 14. HP: 111/111 MP: 22/22
 32589 | Lair:4   | Reached ****** piety under Nemelex Xobeh
 32589 | Lair:4   | Received a gift from Nemelex Xobeh
 32921 | Lair:4   | Found a staircase to the Shoals.
 33297 | Lair:5   | Received a gift from Nemelex Xobeh
 34055 | Lair:5   | Received a gift from Nemelex Xobeh
 34814 | Lair:5   | Received a gift from Nemelex Xobeh
 34942 | Lair:5   | Found a viscous altar of Jiyva.
 34942 | Lair:5   | Found a staircase to the Slime Pits.
 35065 | Lair:6   | Entered Level 6 of the Lair of Beasts
 35568 | Lair:6   | Received a gift from Nemelex Xobeh
 35766 | Lair:6   | Reached skill level 12 in Fighting
 36932 | Lair:6   | Reached XP level 15. HP: 113/120 MP: 23/23
 37047 | Lair:6   | Reached skill level 13 in Fighting
 37278 | Lair:6   | Received a gift from Nemelex Xobeh
 38405 | Lair:6   | Identified the ring of Suofeis {Wiz Dex+8}
 38801 | Lair:6   | Found a corrupted altar of Lugonu.
 38801 | Lair:6   | Found a one-way gate to the infinite horrors of the Abyss.
 39980 | D:11     | Found a sacrificial altar of Ru.
 40508 | D:11     | Received a gift from Nemelex Xobeh
 40612 | D:11     | Reached skill level 14 in Fighting
 40617 | D:11     | Found a portal to a secret trove of treasure.
 41049 | Orc:1    | Identified the +0 quarterstaff of Ejirif {flame, rC++
                  | Int-3}
 41053 | Orc:1    | Reached skill level 1 in Shields
 41055 | Orc:1    | Killed an orc warlord
 41063 | Orc:1    | Killed Sonja
 41471 | Orc:2    | Entered Level 2 of the Orcish Mines
 42497 | Orc:2    | Received a gift from Nemelex Xobeh
 42834 | Orc:2    | Found a roughly hewn altar of Beogh.
 43232 | Orc:2    | Reached skill level 5 in Shields
 43440 | Orc:2    | Noticed Saint Roka
 43449 | Orc:2    | Noticed Saint Roka
 43449 | Orc:2    | Saint Roka changed into Saint Roka the eleionoma
 43449 | Orc:2    | Killed Saint Roka the eleionoma
 43641 | Orc:2    | Found a staircase to the Elven Halls.
 44373 | Orc:2    | Found Buoron's General Store.
 44373 | Orc:2    | Found Loemih's Magic Scroll Boutique.
 44375 | Orc:2    | Found Xavuehudd's Antique Armour Emporium.
 44375 | Orc:2    | Found Kiorph's General Store.
 44430 | Orc:2    | Bought a fading chain mail for 323 gold pieces
 44430 | Orc:2    | Identified the +1 chain mail "Usetsiri" {Will+ Str+5 Int-5}
                  | (You bought it in a shop on level 2 of the Orcish Mines)
 44443 | Orc:2    | Bought a scroll of enchant weapon for 120 gold pieces
 44443 | Orc:2    | Bought the ring "Ofowiope" {rN+ Dex+3 SInv} for 600 gold
                  | pieces
 44460 | Orc:2    | Bought a scroll of enchant weapon for 120 gold pieces
 44463 | Orc:2    | Bought a scroll of identify for 32 gold pieces
 44463 | Orc:2    | Bought a scroll of fear for 56 gold pieces
 44463 | Orc:2    | Bought a scroll of teleportation for 48 gold pieces
 44463 | Orc:2    | Bought a scroll of magic mapping for 56 gold pieces
 44463 | Orc:2    | Bought a scroll of enchant armour for 120 gold pieces
 44711 | D:3      | Killed Sigmund
 45054 | D:11     | Received a gift from Nemelex Xobeh
 45065 | D:11     | Noticed Erica
 45091 | D:11     | Killed Erica
 45565 | D:12     | Noticed Azrael
 45569 | D:12     | Killed Azrael
 46311 | D:12     | Noticed a sphinx
 46318 | D:12     | Killed a sphinx
 46453 | D:12     | Received a gift from Nemelex Xobeh
 46713 | D:12     | Reached XP level 16. HP: 102/131 MP: 24/24
 46858 | D:12     | Noticed Rupert
 46871 | D:12     | Killed Rupert
 46872 | D:12     | Reached skill level 10 in Shields
 47545 | D:12     | Received a gift from Nemelex Xobeh
 48299 | D:13     | Found a gate to the Vaults.
 48347 | D:13     | Found a corrupted altar of Lugonu.
 48385 | D:13     | Received a gift from Nemelex Xobeh
 48881 | D:14     | Found Qajoinar's General Store.
 48891 | D:14     | Bought a scroll of enchant weapon for 105 gold pieces
 48893 | D:14     | Bought a scroll of teleportation for 42 gold pieces
 49138 | D:14     | Received a gift from Nemelex Xobeh
 49406 | D:14     | Received a gift from Nemelex Xobeh
 49836 | D:15     | Entered Level 15 of the Dungeon
 49966 | D:15     | Received a gift from Nemelex Xobeh
 50175 | D:15     | Identified the +4 ring mail of Moma {Int+3}
 51002 | D:15     | Noticed Jorgrun
 51021 | D:15     | Killed Jorgrun
 51349 | D:15     | Found a staircase to the Depths.
 51481 | Trove    | Entered a treasure trove
 51489 | Trove    | Identified the +2 pair of gloves of the Albatross {MP+9}
 51643 | Trove    | Identified the +0 robe "Imunir" {Harm rN+ rCorr Archmagi}
 51644 | Trove    | Identified the +1 pair of boots of Unreason {rElec Str+2
                  | SInv}
 51651 | Trove    | Identified the +0 pair of boots of Bavvaek {Dex+4}
 51656 | Trove    | Identified the +0 tower shield of Plasticity {Harm rCorr
                  | Str-5}
 51661 | Trove    | Identified the +7 chain mail "Noepn" {Harm +Blink Regen+
                  | MP-9}
 51693 | Trove    | Identified the +2 helmet "Luest" {Harm}
 51942 | Spider:1 | Entered Level 1 of the Spider Nest
 52669 | Spider:1 | Reached skill level 15 in Invocations
 52679 | Spider:1 | Reached XP level 17. HP: 111/136 MP: 28/28
 55755 | Spider:2 | Noticed Nikola
 55795 | Spider:2 | Killed Nikola
 55796 | Spider:2 | Noticed Frances
 59185 | Shoals:1 | Entered Level 1 of the Shoals
 59195 | Shoals:1 | Identified the ring of Ephemeral Luck {rC+ rN+ Int+3}
 59869 | Shoals:1 | Noticed Mlioglotl
 59883 | Shoals:1 | Paralysed by accursed screaming for 1 turns
 60059 | Shoals:1 | Killed Mlioglotl
 61737 | Shoals:2 | Noticed Ilsuiw
 62084 | Shoals:1 | Reached skill level 15 in Fighting
 62392 | Shoals:2 | Noticed Roxanne
 63000 | Shoals:3 | Received a gift from Nemelex Xobeh
 63178 | Shoals:3 | Reached XP level 18. HP: 104/146 MP: 30/30
 63615 | Orc:2    | Bought a scroll of blinking for 120 gold pieces
 63621 | Orc:2    | Learned a level 1 spell: Animate Skeleton
 63624 | Orc:2    | Learned a level 2 spell: Blink
 63627 | Orc:2    | Learned a level 2 spell: Passwall
 63631 | Orc:2    | Learned a level 3 spell: Swiftness
 63634 | Orc:2    | Bought a +0 pair of gloves of hurling for 138 gold pieces
 63649 | Orc:2    | Bought a wand of mindburst (5) for 108 gold pieces
 63649 | Orc:2    | Bought a potion of curing for 36 gold pieces
 63738 | D:10     | Bought 6 silver boomerangs for 126 gold pieces
 63738 | D:10     | Bought 6 silver boomerangs for 126 gold pieces
 63957 | Spider:2 | Killed Frances
 64629 | Spider:3 | Received a gift from Nemelex Xobeh
 64965 | Spider:3 | Identified the +1 long sword "Dusuy" {flame, Dex+2}
 65562 | Spider:3 | Reached skill level 16 in Fighting
 66620 | Spider:4 | Entered Level 4 of the Spider Nest
 67073 | Spider:3 | Reached skill level 15 in Armour
 71314 | Spider:4 | Reached skill level 17 in Fighting
 72925 | Spider:4 | Got a gossamer rune of Zot
 73171 | Vaults:1 | Entered Level 1 of the Vaults
 74168 | Vaults:1 | Reached skill level 18 in Fighting
 74626 | Vaults:1 | Reached XP level 19. HP: 154/161 MP: 31/31
 75383 | Vaults:1 | Received a gift from Nemelex Xobeh
 75504 | Vaults:1 | Reached skill level 19 in Fighting
 75511 | Vaults:1 | Cast into level 2 of the Abyss (a wizard)
 75724 | Abyss:2  | Noticed an ancient lich
 75739 | Abyss:2  | Killed an ancient lich
 76300 | Vaults:1 | Escaped the Abyss
 78014 | Vaults:1 | Received a gift from Nemelex Xobeh
 78221 | Vaults:1 | Found a gateway to a bazaar.
 78230 | Bazaar   | Entered a bazaar
 78250 | Bazaar   | Found Jyoskuno's Book Emporium.
 78250 | Bazaar   | Found Leasav's Assorted Antiques.
 78272 | Bazaar   | Found Mumuv's Distillery.
 78287 | Bazaar   | Found Buvaohor's Magic Scroll Shoppe.
 78292 | Bazaar   | Bought a scroll of teleportation for 30 gold pieces
 78292 | Bazaar   | Bought a scroll of teleportation for 30 gold pieces
 78292 | Bazaar   | Bought a scroll of teleportation for 30 gold pieces
 78292 | Bazaar   | Bought a scroll of fear for 35 gold pieces
 78303 | Bazaar   | Found Jital's Magic Scroll Shoppe.
 78308 | Bazaar   | Bought 3 scrolls of teleportation for 81 gold pieces
 78308 | Bazaar   | Bought a scroll of teleportation for 27 gold pieces
 78308 | Bazaar   | Bought a scroll of fear for 31 gold pieces
 78308 | Bazaar   | Bought a scroll of silence for 67 gold pieces
 78377 | Bazaar   | Bought a potion of curing for 24 gold pieces
 78394 | Bazaar   | Bought an encrusted ruby ring for 140 gold pieces
 78400 | Bazaar   | Bought a potion of might for 112 gold pieces
 79825 | Vaults:2 | Killed from afar by an ironbound frostheart

Illustrated notes

Levels and vault maps discovered:
D:1:      matt_arrival_los_fun, layout_loops_corners, corexii_corridor_pit,
          hangedman_glass_teeth
D:2:      layout_loops_cross, basic_altar, minmay_cupped, uniq_terence
D:3:      layout_rooms, nicolae_wu_jian_immortal_techniques,
          mainiacjoe_overflow_six_doors_small, cheibriados_altar_1, uniq_sigmund
D:4:      layout_loops_ring, nicolae_ashenzari_panopticon,
          mainiacjoe_overflow_two_lobes, minmay_temple_entry_mist,
          uniq_crazy_yiuf_cottage
D:5:      layout_basic, nicolae_elyvilon_peaceful_grove, uniq_menkaure
D:6:      layout_gridville
D:7:      layout_loops_corners, tso_altar
D:8:      layout_basic, kennysheep_orc_sif_temple, minmay_hedge_maze,
          hangedman_decor_growths
D:9:      layout_rooms, mainiacjoe_overflow_alcove_1, david_orc_2, uniq_pikel,
          uniq_maurice
D:10:     layout_basic, yredelemnul_forgotten_temple_becter,
          okawaru_altar_gauntlet_db, minmay_lair_entry_grove, nicolae_good_shop
D:11:     layout_rooms, enter_trove_5, nicolae_ru_sacrificial_ziggurat,
          uniq_erica
D:12:     minmay_textured_paths, layout_long_grid, uniq_azrael, uniq_rupert
D:13:     layout_basic, skrybe_vaults_entry_preservation,
          gauntlet_entry_generic, tgw_lugonu_bribe
D:14:     layout_cave_pods, serial_shops, nicolae_shop_waterfront,
          nicolae_figureground_pulse
D:15:     gammafunk_enter_depths_forms, layout_irregular_city, chequers_garden,
          uniq_jorgrun
Temple:   cyrus_temple_forest
Lair:1:   layout_regular_city, nicolae_lair_grazing_beasts
          [nicolae_sub_lair_graze_edge, nicolae_sub_lair_graze_edge,
          nicolae_sub_lair_graze_edge, nicolae_sub_lair_graze_edge],
          lemuel_fruit_fields
Lair:2:   nzn_winding_woodlands_huge [nzn_winding_woodlands_5x15_pool,
          nzn_winding_woodlands_5x15_concentric,
          nzn_winding_woodlands_5x15_sawtooth,
          nzn_winding_woodlands_5x15_split_checker,
          nzn_winding_woodlands_5x15_jagged, nzn_winding_woodlands_5x15_parted,
          nzn_winding_woodlands_5x15_zeroes,
          nzn_winding_woodlands_5x15_pathside_ponds,
          nzn_winding_woodlands_5x15_twine, nzn_winding_woodlands_5x15_crooked,
          nzn_winding_woodlands_center_pierced_h,
          nzn_winding_woodlands_center_diamonds,
          nzn_winding_woodlands_15x15_killbox], layout_layer_cave,
          nicolae_spider_entry_non_spiders
Lair:3:   layout_chaotic_city
Lair:4:   layout_cave_shapes, elwin_shoals_entry_rooms, nicolae_lair_yak_garden
Lair:5:   layout_regular_city, dpeg_slime_entry_enclosed_altar
Lair:6:   hellmonk_lair_end_abyssal_woods, layout_small_grid
Shoals:1: layout_shoals, nicolae_shoals_circle_sea_wall, st_sunken_temple,
          uniq_mlioglotl
Shoals:2: layout_shoals, nicolae_shoals_so_close, uniq_roxanne, uniq_ilsuiw,
          uniq_polyphemus
Shoals:3: layout_shoals, nicolae_shoals_goliath_grotto
Spider:1: layout_cave_pods, nicolae_spider_bug_shape
Spider:2: layout_spider_delve, uniq_frances, uniq_nikola
Spider:3: layout_chambers
Spider:4: grunt_spider_rune_circles, nicolae_spider_spiderdrome
Orc:1:    layout_caves, mines5_lemuel, uniq_sonja
Orc:2:    grunt_orc_tribal_feast, layout_caves, mines2_david, uniq_saint_roka
Vaults:1: grunt_vaults_swirl, v_misc_16, nicolae_vaults_branching_niches,
          v_misc_32, nicolae_vaults_little_squares_5,
          nicolae_vaults_little_squares_4, vaults_room_grunt_arrival_ludios,
          nicolae_vaults_three_branches, nicolae_vaults_little_squares_3,
          vaults_dpeg_hooks, layout_vaults_big_cross, serial_shops, bzr_firewalk
Vaults:2: nicolae_vaults_big_ls, v_rooms_5, v_rooms_4, hangedman_vaults_locks,
          v_misc_5, hangedman_vaults_impose, v_misc_15, vaults_room_octagon,
          serial_ice_h, v_misc_1, layout_vaults_chaotic_city

Skill      XL: |  1  2  3  4  5  6  7  8  9 10 11 12 13 14 15 16 17 18 19 |
---------------+----------------------------------------------------------+-----
Axes           | 5 6 7 9 10 12 13 14 16 18 | 18.5
Invocations    | 5 8 11 15 17 | 17.4
Armour         | 6 7 10 11 12 14 15 | 15.7
Fighting       | 10 11 12 14 15 18 19 | 19.4
Evocations     | 7 9 |  9.3
Throwing       | 6 10 11 | 11.3
Shields        | 9 13 14 | 14.6
Dodging        | |  2.4

Action                   |  1- 3 |  4- 6 |  7- 9 | 10-12 | 13-15 | 16-18 | 19-21 || total
-------------------------+-------+-------+-------+-------+-------+-------+-------++-------
Melee: War axe           |   111 |   153 |   160 |   532 |   388 |       |       ||  1344
       Punch             |       |       |     4 |    10 |    10 |       |       ||    24
       Hand axe          |       |       |   179 |    30 |       |       |       ||   209
       Broad axe         |       |       |       |       |   621 |  1179 |   335 ||  2135
Throw: Throwing net      |     2 |       |       |       |       |     2 |       ||     4
       Stone             |       |       |    12 |       |       |    12 |       ||    24
       Dart              |       |       |    13 |   128 |   124 |    52 |       ||   317
       Boomerang         |       |       |       |       |   288 |   312 |    18 ||   618
Invok: Draw Summoning    |       |       |     2 |     9 |    23 |     9 |     2 ||    45
       Draw Destruction  |       |       |     5 |    18 |    49 |    34 |     1 ||   107
       Draw Escape       |       |       |       |     1 |     4 |    17 |     3 ||    25
       Deal Four         |       |       |       |       |     3 |       |       ||     3
Evoke: Wand              |       |       |     3 |     5 |    43 |    13 |    14 ||    78
       Phial of floods   |       |       |       |     1 |     4 |     7 |     2 ||    14
       Condenser vane    |       |       |       |       |       |     5 |     1 ||     6
  Use: Scroll            |     1 |     6 |     4 |     7 |    18 |    18 |     5 ||    59
       Potion            |       |     6 |     3 |     1 |     5 |    14 |     1 ||    30
 Stab: Sleeping          |     1 |       |       |       |       |       |       ||     1
       Held in net/web   |     1 |       |       |       |       |       |       ||     1
       Distracted        |       |       |       |       |     3 |     1 |       ||     4
       Paralysed         |       |       |       |       |     2 |     5 |       ||     7
Armor: Leather armour    |    48 |       |       |       |       |       |       ||    48
       Chain mail        |       |   150 |   177 |       |       |       |       ||   327
       Skin              |       |     9 |       |       |       |       |       ||     9
       Plate armour      |       |       |    56 |   338 |   724 |   956 |   200 ||  2274
Dodge: Dodged            |    73 |    61 |   107 |   150 |   316 |   353 |    77 ||  1137
Block: Kite shield       |       |       |       |       |   124 |   797 |   191 ||  1112

Table legend: (Time is in decaauts)
 A = Elapsed time spent in this place.
 B = Non-inter-level travel time spent in this place.
 C = Inter-level travel time spent in this place.
 D = Time resting spent in this place.
 E = Time spent auto-exploring this place.
 F = Levels seen in this place.
 G = Mean time per level.
                   A        B        C        D        E       F      G
               +--------+--------+--------+--------+--------+-----+--------+
         Total |  79287 |  76310 |   2977 |  43698 |  20962 |  36 | 2202.4 |
       Dungeon |  30281 |  28884 |   1397 |  14415 |  10444 |  15 | 2018.7 |
        Temple |   1090 |   1052 |     38 |    981 |     37 |   1 | 1090.0 |
          Lair |  18050 |  17266 |    784 |   9362 |   5266 |   6 | 3008.3 |
        Shoals |   4087 |   4034 |     53 |   2245 |    663 |   3 | 1362.3 |
   Spider Nest |  15734 |  15340 |    394 |  11338 |   2386 |   4 | 3933.5 |
  Orcish Mines |   3699 |   3465 |    234 |   1459 |    955 |   2 | 1849.5 |
        Vaults |   5097 |   5024 |     73 |   3374 |   1050 |   2 | 2548.5 |
         Abyss |    767 |    767 |      0 |    387 |     67 |   1 |  767.0 |
        Bazaar |    222 |    222 |      0 |      0 |     89 |   1 |  222.0 |
         Trove |    254 |    254 |      0 |    134 |      2 |   1 |  254.0 |
               +--------+--------+--------+--------+--------+-----+--------+

Top non-repeatable levels by time:
  Lair:2: 7776 daAuts
Spider:3: 5237 daAuts
Spider:1: 4998 daAuts
Vaults:1: 3931 daAuts
  Lair:6: 3747 daAuts
     D:5: 3265 daAuts
     D:7: 3117 daAuts
Spider:4: 3075 daAuts
   Orc:2: 2862 daAuts
     D:2: 2859 daAuts
Shoals:1: 2624 daAuts
    D:10: 2577 daAuts
    D:11: 2513 daAuts
Spider:2: 2423 daAuts
     D:8: 2204 daAuts
